[ AOE2 MATCH · #505660581 ]
UnrankedPortuguese vs Malians
Player's team · LOSS
Rival team · WIN
[ REPLAY ANALYSIS · EXTRACTED FROM THE RECORDED GAME ]
Feudal
8:47
Castle
—
Imperial
—
| APM avg | 82.3 |
| APM peak | 110 |
| eAPM avg | 26.8 |
| Villagers / military | 37 / 21 |
Focus
⚔️ 45.8% · 🌾 54.2%
Archer ×17 · Militia ×3 · Spearman ×1
Feudal
9:21
Castle
—
Imperial
—
| APM avg | 98.1 |
| APM peak | 139 |
| eAPM avg | 40.8 |
| Villagers / military | 45 / 22 |
Focus
⚔️ 50.8% · 🌾 49.2%
Archer ×12 · Militia ×5 · Scout Cavalry ×3 · Skirmisher ×2
Match map
Initial resources + every placement click. Lines = walls · curves = elevation contours. ◆ gold · ⬟ stone · ● berries · ✦ relic · ◌ wall gap
Your base· Open — unwalled flank
wR.Lucho's base· Open — unwalled flank
Smoothed initial terrain · ◌ = detected wall gap · hover for details
Inputs per minute
— DK | Good_luck - - wR.Lucho
Build order — DK | Good_luck
102 actions detected in the replay
| 0:00 | Queue | Villager (Male) |
| 0:01 | Queue | Villager (Male) |
| 0:01 | Queue | Villager (Male) |
| 0:02 | Build | House |
| 0:02 | Build | House |
| 0:08 | Queue | Villager (Male) |
| 0:08 | Queue | Villager (Male) |
| 1:29 | Queue | Villager (Male) |
| 1:47 | Build | Lumber Camp |
| 1:56 | Queue | Villager (Male) |
| 2:18 | Queue | Villager (Male) |
| 2:31 | Queue | Villager (Male) |
| 2:31 | Queue | Villager (Male) |
| 2:56 | Queue | Villager (Male) |
| 2:56 | Queue | Villager (Male) |
| 3:25 | Build | House |
| 3:37 | Queue | Villager (Male) |
| 3:38 | Queue | Villager (Male) |
| 3:57 | Queue | Villager (Male) |
| 3:57 | Queue | Villager (Male) |
| 4:00 | Build | House |
| 4:33 | Queue | Villager (Male) |
| 4:34 | Queue | Villager (Male) |
| 4:34 | Queue | Villager (Male) |
| 4:39 | Build | Mill |
| 4:55 | Queue | Villager (Male) |
| 5:41 | Research | Loom |
| 6:37 | Research | Feudal Age |
| 7:10 | Build | Barracks |
| 7:22 | Build | Palisade Wall |
| 7:27 | Build | Palisade Wall |
| 7:29 | Build | Palisade Wall |
| 7:29 | Build | Palisade Wall |
| 7:31 | Queue | Villager (Male) |
| 7:40 | Build | Mining Camp |
| 7:45 | Build | Palisade Wall |
| 7:50 | Queue | Villager (Male) |
| 7:56 | Build | House |
| 8:20 | Queue | Militia |
| 8:20 | Queue | Militia |
| 8:25 | Build | House |
| 8:33 | Queue | Militia |
| 8:42 | Queue | Villager (Male) |
| 8:47 | Age | Feudal Age |
| 8:49 | Build | House |
| 9:02 | Queue | Villager (Male) |
| 9:12 | Queue | Villager (Male) |
| 9:20 | Build | House |
| 9:31 | Research | Man-at-Arms (upgrade) |
| 9:46 | Queue | Villager (Male) |
| 9:58 | Build | Archery Range |
| 10:01 | Research | Double-Bit Axe |
| 10:19 | Build | Farm |
| 10:35 | Queue | Villager (Male) |
| 10:37 | Build | Farm |
| 10:42 | Build | House |
| 10:43 | Build | Palisade Wall |
| 10:46 | Build | Palisade Wall |
| 10:50 | Queue | Archer |
| 10:51 | Queue | Villager (Male) |
| 11:15 | Queue | Spearman |
| 11:30 | Queue | Archer |
| 11:39 | Build | House |
| 11:50 | Queue | Archer |
| 11:57 | Build | House |
| 12:04 | Queue | Villager (Male) |
| 12:13 | Build | Blacksmith |
| 12:19 | Queue | Archer |
| 12:50 | Queue | Archer |
| 12:57 | Queue | Archer |
| 12:58 | Queue | Villager (Male) |
| 13:00 | Build | House |
| 13:12 | Research | Fletching |
| 13:12 | Research | Fletching |
| 13:13 | Queue | Villager (Male) |
| 13:14 | Build | Farm |
| 13:22 | Build | House |
| 13:23 | Build | Palisade Wall |
| 13:28 | Queue | Archer |
| 13:46 | Queue | Archer |
| 13:47 | Queue | Villager (Male) |
| 14:03 | Queue | Villager (Male) |
| 14:07 | Queue | Archer |
| 14:13 | Build | Archery Range |
| 14:20 | Queue | Archer |
| 14:41 | Queue | Villager (Male) |
| 14:44 | Build | Farm |
| 14:46 | Build | Farm |
| 14:47 | Build | Farm |
| 14:55 | Queue | Archer |
| 15:00 | Queue | Villager (Male) |
| 15:02 | Build | Farm |
| 15:09 | Queue | Archer |
| 15:27 | Queue | Archer |
| 15:27 | Queue | Archer |
| 15:31 | Queue | Villager (Male) |
| 15:37 | Queue | Archer |
| 15:59 | Queue | Archer |
| 16:04 | Research | Padded Archer Armor |
| 16:04 | Research | Padded Archer Armor |
| 16:05 | Queue | Villager (Male) |
| 16:06 | Queue | Archer |
Build order — wR.Lucho
111 actions detected in the replay
| 0:00 | Queue | Villager (Male) |
| 0:01 | Build | House |
| 0:02 | Build | House |
| 0:07 | Queue | Villager (Male) |
| 0:07 | Queue | Villager (Male) |
| 0:07 | Queue | Villager (Male) |
| 0:07 | Queue | Villager (Male) |
| 1:26 | Queue | Villager (Male) |
| 1:52 | Build | Lumber Camp |
| 2:04 | Queue | Villager (Male) |
| 2:05 | Queue | Villager (Male) |
| 2:19 | Queue | Villager (Male) |
| 2:20 | Queue | Villager (Male) |
| 3:14 | Queue | Villager (Male) |
| 3:19 | Queue | Villager (Male) |
| 3:20 | Queue | Villager (Male) |
| 3:56 | Queue | Villager (Male) |
| 3:57 | Queue | Villager (Male) |
| 4:02 | Build | House |
| 4:30 | Build | Barracks |
| 4:34 | Queue | Villager (Male) |
| 4:35 | Queue | Villager (Male) |
| 4:35 | Queue | Villager (Male) |
| 4:37 | Build | Palisade Wall |
| 4:41 | Queue | Villager (Male) |
| 4:41 | Queue | Villager (Male) |
| 4:41 | Queue | Villager (Male) |
| 4:52 | Build | House |
| 5:10 | Build | House |
| 5:26 | Queue | Militia |
| 5:41 | Queue | Militia |
| 5:57 | Queue | Militia |
| 6:01 | Build | Mining Camp |
| 6:14 | Queue | Villager (Male) |
| 6:43 | Research | Loom |
| 7:10 | Research | Feudal Age |
| 7:10 | Research | Feudal Age |
| 7:34 | Queue | Militia |
| 7:47 | Build | Mill |
| 7:56 | Build | House |
| 8:23 | Queue | Villager (Male) |
| 8:52 | Queue | Villager (Male) |
| 8:54 | Build | House |
| 9:21 | Age | Feudal Age |
| 9:24 | Build | Archery Range |
| 9:24 | Research | Man-at-Arms (upgrade) |
| 9:30 | Build | Farm |
| 9:31 | Build | Farm |
| 9:41 | Build | Farm |
| 9:55 | Research | Double-Bit Axe |
| 10:16 | Queue | Villager (Male) |
| 10:16 | Queue | Villager (Male) |
| 10:17 | Queue | Archer |
| 10:33 | Build | Farm |
| 10:34 | Queue | Archer |
| 10:38 | Build | House |
| 10:40 | Build | House |
| 10:44 | Queue | Villager (Male) |
| 10:44 | Queue | Villager (Male) |
| 11:00 | Build | Farm |
| 11:07 | Queue | Villager (Male) |
| 11:15 | Build | House |
| 11:18 | Build | House |
| 11:20 | Queue | Archer |
| 11:29 | Build | Farm |
| 11:31 | Queue | Villager (Male) |
| 11:48 | Build | House |
| 11:55 | Queue | Archer |
| 11:56 | Queue | Villager (Male) |
| 12:15 | Queue | Villager (Male) |
| 12:25 | Build | House |
| 12:26 | Queue | Archer |
| 12:51 | Queue | Villager (Male) |
| 12:52 | Queue | Archer |
| 13:05 | Build | Blacksmith |
| 13:09 | Queue | Archer |
| 13:09 | Queue | Militia |
| 13:11 | Queue | Villager (Male) |
| 13:26 | Queue | Villager (Male) |
| 13:39 | Queue | Villager (Male) |
| 13:45 | Queue | Villager (Male) |
| 13:50 | Queue | Archer |
| 13:52 | Research | Fletching |
| 13:53 | Build | Stable |
| 13:59 | Build | House |
| 14:01 | Queue | Skirmisher |
| 14:12 | Research | Padded Archer Armor |
| 14:27 | Queue | Villager (Male) |
| 14:33 | Queue | Villager (Male) |
| 14:36 | Queue | Villager (Male) |
| 14:38 | Build | House |
| 14:40 | Build | Farm |
| 14:41 | Build | Farm |
| 14:46 | Queue | Scout Cavalry |
| 14:57 | Queue | Villager (Male) |
| 14:58 | Build | Farm |
| 14:58 | Build | Farm |
| 15:03 | Build | Farm |
| 15:05 | Queue | Scout Cavalry |
| 15:25 | Queue | Villager (Male) |
| 15:29 | Build | House |
| 15:29 | Build | House |
| 15:31 | Queue | Archer |
| 15:33 | Queue | Skirmisher |
| 15:35 | Build | Farm |
| 15:48 | Queue | Villager (Male) |
| 15:52 | Queue | Villager (Male) |
| 15:55 | Queue | Villager (Male) |
| 15:56 | Build | Farm |
| 16:00 | Queue | Archer ×3 |
| 16:08 | Queue | Scout Cavalry |
Match timeline
| 4:30 | wR.Lucho · first_building Barracks |
| 4:37 | wR.Lucho · wall_segment Palisade Wall x1 |
| 7:10 | DK | Good_luck · first_building Barracks |
| 7:22 | DK | Good_luck · wall_segment Palisade Wall x1 |
| 7:27 | DK | Good_luck · wall_segment Palisade Wall x1 |
| 7:29 | DK | Good_luck · wall_segment Palisade Wall x1 |
| 7:29 | DK | Good_luck · wall_segment Palisade Wall x1 |
| 7:45 | DK | Good_luck · wall_segment Palisade Wall x1 |
| 8:47 | DK | Good_luck · age_up feudal |
| 9:21 | wR.Lucho · age_up feudal |
| 9:24 | wR.Lucho · first_building Archery Range |
| 9:58 | DK | Good_luck · first_building Archery Range |
| 10:43 | DK | Good_luck · wall_segment Palisade Wall x5 |
| 10:46 | DK | Good_luck · wall_segment Palisade Wall x15 |
| 13:23 | DK | Good_luck · wall_segment Palisade Wall x11 |
| 13:53 | wR.Lucho · first_building Stable |
| 16:27 | DK | Good_luck · resign |
[ AI ANALYSIS · 1 CREDIT ]
What really happened in this match?
Wolo.gg analyzes every decision: build order, eco, micro, common mistakes by bracket. Personalized analysis on WhatsApp or Discord in 30 seconds.
Civ guide
Portuguese
Perfil
Jugador #689666